[Event "Kvibergspelen 2018"]
[Site "Prioritet Serneke Arena, Krutvagen 2, Gothenburg, Sweden"]
[Date "2018.04.22"]
[Round "8.8"]
[White "Nilsson, Anders"]
[Black "Wengholm, Anders"]
[Result "1/2-1/2"]
[TimeControl "15 minutes + 5 seconds per move from move one (Round 1 - 4) / 90 minutes + 30 seconds per move from move one (Round 5 - 8)"]
[WhiteTitle "CM"]
[WhiteFideId "1705423"]
[BlackFideId "1704818"]
[WhiteElo "2217"]
[BlackElo "2158"]

1. d4 Nf6 2. c4 e6 3. Nc3 Bb4 4.
e3 O-O 5. Bd3 c5 6. Nge2 d5 7. cxd5 exd5 8. f3 Nc6 9. a3 Bxc3+ 10. bxc3 Re8 11. O-O b6 12. Ng3 Be6 13. Nf5 Bxf5 14.
Bxf5 Qd6 15. Rb1 Rad8 16. Qa4 Re7 17. Bd2 Rc7 18. Be1 Na5 19. Bg3 Qc6 20. Qb5 Re7 21. dxc5 Qxc5 22. Qxc5 bxc5 23.
Kf2 Nc4 24. Rfe1 Nxa3 25. Ra1 Nc4 26. Ra4 g6 27. Bh4 Kg7 28. Bc2 Rb8 29. Re2 Rb2 30. e4 Nb6 31. Ra6 dxe4 32. fxe4 Rd7 33.
Kf3 h6 34. Bf2 Rc7 35. Ra5 Nfd7 36. Bg3 Rb7 37. Bd3 Rxe2 38. Bxe2 c4 39. Bf2 f6 40. Bd4 Rc7 41. Ke3 Kf7 42.
h4 h5 43. Ra6 Ke7 44. g3 Nc8 45. g4 hxg4 46. Bxg4 Nd6 47. Bxa7 Ne5 48. Bh3 f5 49. Bb8 Rc6 50. Bxd6+ Kxd6 51.
Rxc6+ Nxc6 52. exf5 gxf5 53. Bxf5 Ke5 54. Be4 Na7 55. h5 Kf6 56. Kd4 Nb5+ 57. Kxc4 Nxc3 1/2-1/2

[Event "Kvibergspelen 2018"]
[Site "Prioritet Serneke Arena, Krutvagen 2, Gothenburg, Sweden"]
[Date "2018.04.22"]
[Round "8.9"]
[White "Ronneland, Daniel"]
[Black "Troberg Eskola, Love"]
[Result "1-0"]
[TimeControl "15 minutes + 5 seconds per move from move one (Round 1 - 4) / 90 minutes + 30 seconds per move from move one (Round 5 - 8)"]
[WhiteFideId "1702130"]
[BlackFideId "1724185"]
[WhiteElo "2201"]
[BlackElo "2045"]

1. d4 d5 2. c4 dxc4 3. e3 b5 4. a4 b4 5. Bxc4 e6 6. Nf3 Nf6 7. O-O Be7 8. Nbd2 O-O 9. Nb3 a5 10.
Qe2 Nbd7 11. e4 Bb7 12. Bd3 h6 13. e5 Nh7 14. Be3 Qb8 15. Rac1 Rc8 16. Nfd2 c5 17. Nc4 Qc7 18. Qg4 Kh8 19.
Qg3 Bc6 20. Nd6 Rf8 21. Nxc5 Nxc5 22. Rxc5 Bxd6 23. exd6 Qd7 24. b3 Bd5 25. Rc7 Qd8 26. Bb5 Nf6 27. Bf4 Nh5 28. Qe3 Nxf4 29.
Qxf4 Bxb3 30. d7 Bd5 31. Rfc1 b3 32. Rc8 b2 33. Rxd8 bxc1=Q+ 34. Qxc1 Rfxd8 35. Qc7 Kg8 36.
Ba6 Kf8 37. Bc8 Ke7 38. f4 f5 39. Kf2 g6 40. h3 h5 41. Kg3 Bb3 42. Qc6 Bd5 43. Qc5+ Kf7 44. Kh4 Bxg2 45. Qc7 Ke7 46.
Kg5 Bxh3 47. Kh6 Ra7 48. Qxa7 Kf6 49. Kh7 Rf8 50. Qc7 Rf7 51. Kg8 Rg7+ 52. Kh8 Re7 53. Qe5+ Kf7 54. Qg7# 1-0

[Event "Kvibergspelen 2018"]
[Site "Prioritet Serneke Arena, Krutvagen 2, Gothenburg, Sweden"]
[Date "2018.04.22"]
[Round "8.10"]
[White "Kardell, Mathias"]
[Black "Bjorklund, Thomas"]
[Result "0-1"]
[TimeControl "15 minutes + 5 seconds per move from move one (Round 1 - 4) / 90 minutes + 30 seconds per move from move one (Round 5 - 8)"]
[WhiteFideId "1710109"]
[BlackFideId "1724576"]
[WhiteElo "2057"]
[BlackElo "2156"]

1. e4 e5 2. Nf3 Nc6 3. Bc4 Bc5 4. d3 Nf6 5. Bg5 d6 6. c3 a6 7. O-O Bg4 8. Nbd2 O-O 9. b4 Ba7 10.
a4 Nb8 11. Qc2 Nbd7 12. Qa2 c6 13. Rfe1 Qe8 14. Qb2 Qc8 15. h3 Bh5 16. Nh4 Bg6 17. Ndf3 d5 18. Nxg6 hxg6 19. exd5 cxd5 20.
Ba2 e4 21. Bxf6 Nxf6 22. Ne5 exd3 23. Nxd3 Qf5 24. Rad1 Rac8 25. Re5 Qd7 26. Rde1 Qxa4 27. Bxd5 Nxd5 28. Rxd5 Qc6 29. Rde5 Qxc3 30.
Qe2 Rcd8 31. Nc5 Qxb4 32. Ne4 Bd4 33. Rg5 Rfe8 34. Rf1 Rxe4 0-1

[Event "Kvibergspelen 2018"]
[Site "Prioritet Serneke Arena, Krutvagen 2, Gothenburg, Sweden"]
[Date "2018.04.22"]
[Round "8.11"]
[White "Hillarp Persson, Tiger"]
[Black "Larsson, Patrik"]
[Result "1-0"]
[TimeControl "15 minutes + 5 seconds per move from move one (Round 1 - 4) / 90 minutes + 30 seconds per move from move one (Round 5 - 8)"]
[WhiteTitle "GM"]
[WhiteFideId "1700812"]
[BlackFideId "1713744"]
[WhiteElo "2540"]
[BlackElo "2006"]

1. c4 g6 2. Nc3 Bg7 3. d4 d6 4. Nf3 Nf6 5. Bg5 h6 6. Bh4 O-O 7. e3 c6 8. Be2 a6 9. O-O b5 10.
a3 Bb7 11. Rc1 Nbd7 12. b4 bxc4 13. Bxc4 Nb6 14. Be2 Nbd5 15. Qb3 Nxc3 16. Rxc3 Qb6 17. Nd2 d5 18. Rc5 Rae8 19. Bxf6 exf6 20.
Qc2 f5 21. Nb3 Re6 22. g3 Rfe8 23. Rc1 f4 24. gxf4 g5 25. f5 Re4 26. Rxc6 Bxc6 27. Qxc6 Qd8 28. Bf3 Rh4 29. Bxd5 1-0

[Event "Kvibergspelen 2018"]
[Site "Prioritet Serneke Arena, Krutvagen 2, Gothenburg, Sweden"]
[Date "2018.04.22"]
[Round "8.12"]
[White "Al Hadarani, Hatim"]
[Black "Svorono, Gabriel"]
[Result "1/2-1/2"]
[TimeControl "15 minutes + 5 seconds per move from move one (Round 1 - 4) / 90 minutes + 30 seconds per move from move one (Round 5 - 8)"]
[WhiteTitle "FM"]
[WhiteFideId "9400273"]
[BlackFideId "1715623"]
[WhiteElo "2334"]
[BlackElo "2089"]

1. d4 d5 2. Bg5 h6 3. Bh4 g5 4. Bg3 Bg7 5. e3 c5 6. c3 Qb6 7. Qb3 Nc6 8. Nd2 Nf6 9. h4 cxd4 10.
exd4 Bf5 11. hxg5 hxg5 12. Rxh8+ Bxh8 13. Ngf3 g4 14. Ne5 Nxe5 15. Bxe5 O-O-O 16. Qxb6 axb6 17. Be2 Nd7 18. Bg3 e5 19.
Rc1 Nb8 20. c4 Nc6 21. cxd5 Rxd5 22. dxe5 Bxe5 23. Nc4 Bd4 24. Nd6+ Kd8 25. Nxf5 Rxf5 26. Bxg4 Ra5 27. b4 Rxa2 28.
b5 Nb4 29. Rc8+ Ke7 30. Rc7+ Kf6 31. Bh5 Bxf2+ 32. Bxf2 Nd3+ 33. Kf1 Rxf2+ 34. Kg1 Rb2 35. Rxf7+ Kg5 36. Bf3 Ne5 37. Rxb7 Nxf3+ 38. gxf3 Rxb5 39. Kg2 Kf4 40. Rf7+ Rf5 41.
Rb7 Rg5+ 42. Kf2 Rb5 43. Rf7+ Rf5 44. Rd7 Rc5 45. Rd4+ Ke5 46. Rb4 b5 47. Kg3 Kf5 48. Rh4 Kg5 49.
f4+ Kg6 50. Rh8 Rc1 51. Rg8+ Kf6 52. Rb8 Rg1+ 53. Kf2 Rb1 54. Ke3 b4 55. Rb6+ Kf5 56. Rb5+ Kf6 57. Ke4 Re1+ 1/2-1/2

[Event "Kvibergspelen 2018"]
[Site "Prioritet Serneke Arena, Krutvagen 2, Gothenburg, Sweden"]
[Date "2018.04.22"]
[Round "8.13"]
[White "Petersson, Baldur Teodor"]
[Black "Naslund, Mikael"]
[Result "1/2-1/2"]
[TimeControl "15 minutes + 5 seconds per move from move one (Round 1 - 4) / 90 minutes + 30 seconds per move from move one (Round 5 - 8)"]
[WhiteTitle "CM"]
[BlackTitle "FM"]
[WhiteFideId "2309157"]
[BlackFideId "1708260"]
[WhiteElo "2003"]
[BlackElo "2224"]

1. e4 d5 2. exd5 Nf6 3. d4 Bg4 4. Be2 Bxe2 5. Qxe2 Qxd5 6. Nf3 Nc6 7. c4 Qf5 8. Nc3 O-O-O 9. d5 Nb4 10.
O-O e6 11. dxe6 fxe6 12. Ne5 Bd6 13. Nf7 Ng4 14. Nxd6+ Rxd6 15. Nb5 Rd7 16. Bd2 Nc6 17. Bc3 a6 18. Na3 e5 19. f3 Nf6 20.
b4 Nd4 21. Qe3 Nh5 22. g3 g5 23. Rae1 Rhd8 24. g4 Qg6 25. gxh5 Qxh5 26. Qe4 1/2-1/2

[Event "Kvibergspelen 2018"]
[Site "Prioritet Serneke Arena, Krutvagen 2, Gothenburg, Sweden"]
[Date "2018.04.22"]
[Round "8.14"]
[White "Rasti, Arvin"]
[Black "Ask, Josef"]
[Result "1-0"]
[TimeControl "15 minutes + 5 seconds per move from move one (Round 1 - 4) / 90 minutes + 30 seconds per move from move one (Round 5 - 8)"]
[BlackTitle "FM"]
[WhiteFideId "1741160"]
[BlackFideId "1704583"]
[WhiteElo "1920"]
[BlackElo "2173"]

1. d4 Nf6 2. Nf3 g6 3. g3 Bg7 4. c4 d6 5. Bg2 O-O 6. Nc3 Nbd7 7. e4 e5 8. O-O c6 9. h3 Qb6 10.
Re1 Re8 11. Re2 exd4 12. Nxd4 Ne5 13. b3 Bxh3 14. Na4 Qxd4 15. Qxd4 Bg4 16. Rb2 Nf3+ 17. Bxf3 Bxf3 18. Bh6 Bh8 19.
Re1 b5 20. Qd3 Bxe4 21. Rxe4 Rxe4 22. Nc3 Re1+ 23. Kg2 b4 24. Re2 Ra1 25. Ne4 Ng4 26. Be3 Rd8 27. Bd4 Ne5 28. Bxe5 Bxe5 29.
f4 Bg7 30. Nxd6 c5 31. Qd5 1-0

[Event "Kvibergspelen 2018"]
[Site "Prioritet Serneke Arena, Krutvagen 2, Gothenburg, Sweden"]
[Date "2018.04.22"]
[Round "8.15"]
[White "Strom, Leif"]
[Black "Gonzalez, Emilio"]
[Result "1/2-1/2"]
[TimeControl "15 minutes + 5 seconds per move from move one (Round 1 - 4) / 90 minutes + 30 seconds per move from move one (Round 5 - 8)"]
[WhiteFideId "1709410"]
[BlackFideId "1721062"]
[WhiteElo "2111"]
[BlackElo "1921"]

1. c4 c5 2. g3 Nf6 3. Bg2 g6 4. Nc3 Bg7 5. a3 Nc6 6. Rb1 a5 7. d3 O-O 8. e3 d6 9. Nge2 Bf5 10.
O-O Rb8 11. h3 Ne8 12. f4 Nc7 13. a4 Be6 14. g4 f5 15. g5 d5 16. b3 Bf7 17. Bb2 Nb4 18. cxd5 Ncxd5 19. Nxd5 Bxd5 20.
Bxg7 Bxg2 21. Kxg2 Kxg7 22. d4 Qd5+ 23. Kg1 Qe4 24. Qd2 Nc2 25. Kf2 cxd4 26. Nxd4 Rbc8 27. Rbc1 Nb4 28. Rc3 Nd5 29.
Rd3 Nb4 30. Rc3 Nd5 1/2-1/2

[Event "Kvibergspelen 2018"]
[Site "Prioritet Serneke Arena, Krutvagen 2, Gothenburg, Sweden"]
[Date "2018.04.22"]
[Round "8.16"]
[White "Rydstrom, Tom"]
[Black "Nguyen, Gabriel"]
[Result "1-0"]
[TimeControl "15 minutes + 5 seconds per move from move one (Round 1 - 4) / 90 minutes + 30 seconds per move from move one (Round 5 - 8)"]
[WhiteTitle "FM"]
[WhiteFideId "1714830"]
[BlackFideId "1720791"]
[WhiteElo "2357"]
[BlackElo "2024"]

1. e4 c5 2. Nf3 e6 3. d4 cxd4 4. Nxd4 a6 5. Bd3 Bc5 6. Nb3 Be7 7. Be3 d6 8. Qg4 g6 9. Nc3 Nd7 10.
O-O-O b5 11. a3 Bb7 12. f4 Ngf6 13. Qe2 O-O 14. Kb1 Qc7 15. g4 Rac8 16. Rhf1 Nb6 17. f5 Nfd7 18. Bh6 Rfe8 19.
fxe6 fxe6 20. Nd4 Nc5 21. h4 Bf8 22. Be3 e5 23. Nb3 Ne6 24. h5 Bg7 25. hxg6 hxg6 26. Nd5 Bxd5 27. exd5 Nf4 28.
Bxf4 exf4 29. Qh2 Na4 30. Bxg6 Bxb2 31. Bxe8 Be5 32. Bc6 Nc3+ 33. Kc1 Na2+ 34. Kd2 Bc3+ 35. Kd3 Re8 36. Qxf4 Qh7+ 37. Qf5 Qg7 38. Bxe8 Bf6 39. Qe6+ Kh8 40. Rh1 1-0

[Event "Kvibergspelen 2018"]
[Site "Prioritet Serneke Arena, Krutvagen 2, Gothenburg, Sweden"]
[Date "2018.04.22"]
[Round "8.17"]
[White "Bellon Lopez, Juan"]
[Black "Sjolander, Anders"]
[Result "1-0"]
[TimeControl "15 minutes + 5 seconds per move from move one (Round 1 - 4) / 90 minutes + 30 seconds per move from move one (Round 5 - 8)"]
[WhiteTitle "GM"]
[WhiteFideId "2200031"]
[BlackFideId "1711903"]
[WhiteElo "2352"]
[BlackElo "1977"]

1. d4 d5 2. Bf4 Nc6 3. e3 e6 4. c3 Bd6 5. Bg3 Nh6 6. Nf3 Nf5 7. Bb5 Bd7 8. Nbd2 Nxg3 9. hxg3 Ne7 10.
Bd3 Ng6 11. Qc2 f5 12. g4 Qf6 13. Rh5 Ne7 14. g5 Qf8 15. O-O-O g6 16. Rh6 O-O-O 17. Rdh1 Qg7 18. c4 c6 19.
Qc3 Kb8 20. c5 Bc7 21. Ne5 Be8 22. Ndf3 Ng8 23. R6h4 h5 24. b4 Rc8 25. Kd2 Bd8 26. a4 Rh7 27. Rb1 Ka8 28. Rhh1 Qc7 29.
Rb3 Rg7 30. g3 Qb8 31. b5 Ne7 32. Rhb1 Rh7 33. Nh4 Rg7 34. f4 Bc7 35. b6 Bxe5 36. dxe5 Ng8 37. Qa5 Rd7 38. Nf3 Bf7 39.
Nd4 Ne7 40. Ra1 Rh8 41. Nb5 Nc8 42. Nc7+ 1-0

[Event "Kvibergspelen 2018"]
[Site "Prioritet Serneke Arena, Krutvagen 2, Gothenburg, Sweden"]
[Date "2018.04.22"]
[Round "8.18"]
[White "Sorensen, Hampus"]
[Black "Moller, Mikael"]
[Result "1-0"]
[TimeControl "15 minutes + 5 seconds per move from move one (Round 1 - 4) / 90 minutes + 30 seconds per move from move one (Round 5 - 8)"]
[WhiteFideId "8703884"]
[BlackFideId "1738461"]
[WhiteElo "2243"]
[BlackElo "1962"]

1. d4 f5 2. Nf3 e6 3. g3 Nf6 4. Bg2 d5 5. O-O Bd6 6. c4 c6 7. b3 O-O 8. Ba3 Ne4 9. Bxd6 Qxd6 10.
Nbd2 Nd7 11. Qc2 b6 12. Rac1 Ba6 13. Rfd1 Rac8 14. Qb2 Qe7 15. e3 Qd6 16. Bf1 Qe7 17. b4 Bxc4 18. Nxc4 dxc4 19.
Bxc4 Kh8 20. a4 Rc7 21. Qb3 Re8 22. Rc2 c5 23. bxc5 bxc5 24. Rdc1 cxd4 25. exd4 Nd6 26. Ba6 Rxc2 27.
Qxc2 Nb6 28. Ne5 Nd5 29. Qc5 g6 30. Qxd6 1-0

[Event "Kvibergspelen 2018"]
[Site "Prioritet Serneke Arena, Krutvagen 2, Gothenburg, Sweden"]
[Date "2018.04.22"]
[Round "8.20"]
[White "Wickstrom, Tommy"]
[Black "Bengtsson, Siv"]
[Result "1/2-1/2"]
[TimeControl "15 minutes + 5 seconds per move from move one (Round 1 - 4) / 90 minutes + 30 seconds per move from move one (Round 5 - 8)"]
[WhiteFideId "1713442"]
[BlackFideId "1701673"]
[WhiteElo "1977"]
[BlackElo "2125"]

1. d4 Nf6 2. c4 g6 3. Nc3 d5 4. Bf4 Bg7 5. Nf3 O-O 6. Rc1 dxc4 7. e3 Nc6 8. Bxc4 Nh5 9. Bg3 Nxg3 10.
hxg3 Bg4 11. Rxh7 Bxf3 12. Rxg7+ Kxg7 13. Qxf3 e5 14. d5 Ne7 15. Qe4 f6 16. f4 exf4 17. Qxf4 Nf5 18. Bd3 Nd6 19.
Ke2 Rc8 20. Bxg6 Kxg6 21. Qg4+ Kf7 22. Qe6+ 1/2-1/2